AoeStats
← DiaperMoogletism

Arabia

510454299Analyzed
1v1 RM · 3d ago on Oct 1, 2026· 24m 1s· 2 players
Game mode
Random Map
Map size
Tiny (2 player)
Population
200
Speed
Normal
Resources
Standard
Victory
Conquest
Starting age
Dark Age
Ending age
Imperial Age
RankedLock teamsTeams togetherTeam positionsShared explorationLock speedFull tech treeHidden civsTurbo modeCheats
Victory
Defeat
🇺🇸 Malay · United States
612
+16
🇦🇺 Aztecs · Australia
603
-16
Srednuas
0:46 Loom
12:30 Feudal Age
13:07 Double-Bit Axe
14:00 Wheelbarrow
14:01 Town Watch
14:35 Horse Collar
17:27 Arson
18:41 Scale Mail Armor
19:10 Gold Mining
DiaperMoogletism
3:47 Loom
10:54 Loom
14:02 Feudal Age
19:10 Castle Age
17:29 Double-Bit Axe
17:29 Horse Collar
17:53 Double-Bit Axe
18:49 Scale Barding Armor
24:29 Forging
Connection lost

Rejoining the realm…

Still unreachable

The connection could not be restored.

Session expired

The server has moved on; the page needs a fresh start.